 Dungeon Crawl Stone Soup version 0.28.0-62-gf88900778d (webtiles) character file.

Game seed: 10318663308741136344

315 cbfl8 the Chopper (level 6, -7/56 HPs)
             Began as a Minotaur Berserker on Mar 27, 2023.
             Was a Believer of Trog.
             Mangled by Grinder (9 damage)
             ... on level 3 of the Dungeon.
             The game lasted 00:01:32 (2564 turns).

cbfl8 the Chopper (Minotaur Berserker)              Turns: 2564, Time: 00:01:33

Health: -7/56      AC:  2    Str: 22    XL:     6   Next: 20%
Magic:  5/5        EV: 12    Int:  4    God:    Trog [**....]
Gold:   99         SH:  0    Dex: 11    Spells: 5/5 levels left

rFire   . . .      SeeInvis .   a - +0 hand axe
rCold   . . .      Faith    .   (no shield)
rNeg    . . .      Spirit   .   b - +0 animal skin
rPois   .          Reflect  .   (helmet restricted)
rElec   .          Harm     .   (no cloak)
rCorr   .          Rampage  .   (no gloves)
Will    .....                   (no boots)
Stlth   +.........              (no amulet)
HPRegen 0.18/turn               (no ring)
MPRegen 0.09/turn               (no ring)

@: on berserk cooldown, slowed, very slow
A: horns 2, retaliatory headbutt
a: Renounce Religion, Berserk, Trog's Hand


You were on level 3 of the Dungeon.
You worshipped Trog.
Trog was pleased with you.
You visited 1 branch of the dungeon, and saw 3 of its levels.

You collected 99 gold pieces.

Inventory:

Hand Weapons
 a - a +0 hand axe (weapon)
Armour
 b - a +0 animal skin (worn)
Scrolls
 d - a scroll of brand weapon {unknown}
 f - 2 scrolls of teleportation {unknown}
 i - a scroll of immolation {unknown}
Potions
 c - a potion of haste {unknown}
 e - a potion of degeneration {unknown}
 g - 3 potions of attraction {unknown}
 h - a potion of cancellation {unknown}
 j - 2 potions of resistance {unknown}
 k - a potion of magic {unknown}


   Skills:
 + Level 5.4 Fighting
 + Level 6.2 Axes
 + Level 2.9 Armour
 + Level 3.4 Dodging
 + Level 1.1 Stealth


You had 5 spell levels left.
You didn't know any spells.
Your spell library was empty.

Dungeon Overview and Level Annotations

Branches:
Dungeon (3/15)

Altars:
Zin

Shops:
D:2 [

Annotations:
D:3 Grinder


Innate Abilities, Weirdness & Mutations

You have a pair of horns on your head.
You reflexively headbutt those who attack you in melee.


Message History

You hit Grinder.
Grinder is moderately wounded.
You closely miss the quokka. You closely miss the rat.
The quokka barely misses you. You furiously retaliate!
You headbutt the quokka.
Grinder blinks!
The rat barely misses you.
The quokka bites you but does no damage.
Grinder says, "DUCK!"
Grinder gestures at you.
You shrug off the repeated paralysis!
The rat bites you.
* * * LOW HITPOINT WARNING * * *
The quokka bites you.
* * * LOW HITPOINT WARNING * * *
The rat barely misses you. You furiously retaliate!
You headbutt the rat.
You kill the rat!
Trog accepts your kill. The quokka bites you.
* * * LOW HITPOINT WARNING * * *
The quokka barely misses you. The quokka completely misses you.
Grinder blinks!
The bat hits you but does no damage. The quokka completely misses you.
The bat hits you.
* * * LOW HITPOINT WARNING * * *
Grinder barely misses you. Grinder closely misses you.
The quokka closely misses you.
You hit Grinder. You headbutt Grinder!
Grinder is heavily wounded.
You hit the worm. You hit the quokka.
You kill the quokka!
Trog accepts your kill. The bat misses you. You furiously retaliate!
You headbutt the bat!
You kill the bat!
Trog accepts your kill. Grinder hits you but does no damage.
The worm closely misses you.
Unknown command.
Unknown command.
You closely miss Grinder. You punch Grinder.
Grinder is heavily wounded.
You barely miss the worm. Grinder misses you. Grinder hits you!
You die...

...#.....#......###
......#.......#..###
.............##.....#
.$...............##.#
........?.....#### ..
..............# ...
..............####.
#.
........)!.........
..........†@.#####
#.........w5##
##..........#
#..............
................
#....##.###.#....
#.... ... .....##
...#....# .#.... ..
#.. ...


You could see Grinder and a worm.

Vanquished Creatures
  Sigmund (D:2)
  An ogre (D:3)
  4 worms (D:2)
  2 dart slugs
  2 ball pythons (D:1)
  4 endoplasms
  2 giant cockroaches (D:2)
  5 hobgoblins
  3 jackals (D:2)
  3 kobolds (D:1)
  4 quokkas
  6 bats
  4 frilled lizards
  4 goblins
  7 rats
52 creatures vanquished.

Vanquished Creatures (others)
  A bat (D:2)
1 creature vanquished.

Grand Total: 53 creatures vanquished

Notes
Turn   | Place    | Note
-------+----------+-------------------------------------------
     0 | D:1      | cbfl8 the Minotaur Berserker began the quest for the Orb.
     0 | D:1      | Reached XP level 1. HP: 19/19 MP: 0/0
   265 | D:1      | Reached skill level 4 in Axes
   265 | D:1      | Reached XP level 2. HP: 14/27 MP: 1/1
  1403 | D:2      | Found a glowing silver altar of Zin.
  1474 | D:2      | Noticed Sigmund
  1487 | D:2      | Killed Sigmund
  1488 | D:2      | Reached skill level 5 in Fighting
  1488 | D:2      | Reached skill level 5 in Axes
  1488 | D:2      | Reached XP level 3. HP: 23/36 MP: 2/2
  1488 | D:2      | Reached XP level 4. HP: 27/42 MP: 3/3
  1488 | D:2      | Reached XP level 5. HP: 31/48 MP: 4/4
  1938 | D:2      | Found a faded altar of an unknown god.
  1962 | D:2      | Found Jiujah's Armour Emporium.
  2302 | D:2      | Reached ** piety under Trog
  2535 | D:3      | Noticed an ogre
  2537 | D:3      | Noticed Grinder
  2546 | D:3      | Killed an ogre
  2547 | D:3      | Reached skill level 6 in Axes
  2547 | D:3      | Reached skill level 1 in Stealth
  2547 | D:3      | Reached XP level 6. HP: 56/56 MP: 5/5
  2550 | D:3      | Paralysed by Grinder for 6 turns
  2559 | D:3      | HP: 1/56 [quokka (4)]
  2564 | D:3      | Mangled by Grinder

Illustrated notes

Levels and vault maps discovered:
D:1:      nicolae_arrival_washed_ashore, layout_loops_cross
D:2:      layout_basic, basic_altar, serial_shops, shop,
          dreamdust_ecumenical_altar_angels_and_demons, minmay_misc_feat_room,
          dk_vineyard_2, kennysheep_potato, uniq_sigmund
D:3:      layout_rooms, gammafunk_temple_overflow_elements, uniq_grinder

Skill      XL: |  1  2  3  4  5 |
---------------+----------------+-----
Axes           | 4 5 6 |  6.2
Fighting       | 5 |  5.4
Dodging        | 3 |  3.4
Stealth        | 1 |  1.1
Armour         | |  2.9

Action                   |  1- 3 |  4- 6 || total
-------------------------+-------+-------++-------
Melee: Hand axe          |    47 |    48 ||    95
       Headbutt          |     5 |     7 ||    12
       Punch             |       |     3 ||     3
Invok: Berserk           |     1 |     1 ||     2
 Stab: Sleeping          |       |     1 ||     1
Armor: Animal skin       |     9 |     9 ||    18
Dodge: Dodged            |    27 |    39 ||    66
